cohdb
Replays
Latest Replays
All Replays
Popular Replays
Top Player Replays
Match Explorer
How It Works
Community
CoH3 Stats
Reddit
Sign in to upload your games and track your stats! →
Sign in with Steam
Match 35783858
Unlisted
Match 35783858
Overview
Messages
Build Orders
End
Engineer Squad
Selects Advanced Infantry Battlegroup
Construct Barracks
M1 Mortar Team
Riflemen Squad
Riflemen Squad
Construct Medical Station
Selects Convert to Ranger Squad
Infantry Support Center
Construct Weapon Support Center
Selects Artillery Observers
Convert to Ranger Squad
.30 cal Machine Gun
Bazooka Squad
Improved M9 Bazooka Rockets
Munitions Surplus
.30 cal Machine Gun
Selects M2A1 105mm Howitzer Emplacement
Selects Frontline Medical Station
Frontline Medical Station
Demolitions Package
Convert to Ranger Squad
Construct Tank Depot
Selects Free Fire Drills
Selects Ranger Weapon Training
M4(105) Sherman Bulldozer
Shades
ambiorix
Field marshal Prince
Dinks
Poli
N2RVE
0
0
Comments
sign in to comment!
No comments posted yet!